 Dungeon Crawl Stone Soup version 0.17.1-2-g5865329 (webtiles) character file.

74 Gargoyl the Skirmisher (level 4, -1/36 HPs)
             Began as a Demonspawn Abyssal Knight on Feb 2, 2016.
             Was a Believer of Lugonu.
             Slain by a wyvern zombie (8 damage)
             ... on level 3 of the Dungeon.
             The game lasted 00:03:02 (1405 turns).

Gargoyl the Skirmisher (Demonspawn Abyssal Knight)  Turns: 1405, Time: 00:03:03

Health: -1/36      AC:  6    Str: 14    XL:     4   Next: 9%
Magic:  6/6        EV:  4    Int: 13    God:    Lugonu [**....]
Gold:   117        SH: 10    Dex: 12    Spells: 0 memorised, 3 levels left

rFire  . . .     SeeInvis .     a - +1 hand axe
rCold  . . .     Clarity  .     o - +0 scale mail
rNeg   . . .     SustAt   .     q - +0 large shield
rPois  .         Gourm    .     (no helmet)
rElec  .         Spirit   .     (no cloak)
rCorr  .         Warding  .     (no gloves)
rMut   .         Stasis   .     (no boots)
MR     .....                    (no amulet)
Stlth  +.........               (no ring)
                                g - ring of stealth

@: not resistant to hostile enchantments, very unstealthy
A: powered by death 1
a: Depart the Abyss, Bend Space, Renounce Religion


You were on level 3 of the Dungeon.
You worshipped Lugonu.
Lugonu was pleased with you.
You were not hungry.

You visited 1 branch of the dungeon, and saw 3 of its levels.
You visited the Abyss 1 time.

You collected 117 gold pieces.

Inventory:

Hand Weapons
 a - a +1 hand axe (weapon)
Missiles
 p - 12 poisoned needles
Armour
 o - a +0 scale mail (worn)
 q - a +0 large shield (worn)
Jewellery
 g - a ring of stealth (left hand)
Scrolls
 e - 2 scrolls of remove curse {unknown}
 f - 5 scrolls of identify {unknown}
 h - 2 scrolls of teleportation {unknown}
 i - a scroll of blinking {unknown}
 j - a scroll of fear {unknown}
 k - 2 scrolls of amnesia {unknown}
 r - a scroll of magic mapping {unknown}
Potions
 s - a potion of degeneration {unknown}
Comestibles
 b - 2 slices of pizza
 c - a bread ration
 d - 2 meat rations
 l - 2 fruits
 m - a beef jerky
 n - a chunk of flesh


   Skills:
 + Level 3.6 Fighting
 + Level 1.9 Axes
 + Level 2.3 Armour
 + Level 2.0 Dodging
 + Level 0.2 Stealth
 + Level 3.2 Invocations


You had 3 spell levels left.
You didn't know any spells.

Dungeon Overview and Level Annotations

Branches:
Dungeon (3/15)

Altars:


Innate Abilities, Weirdness & Mutations

You regenerate a little health from kills.


Message History

The wyvern zombie bites you but does no damage.
The scorpion barely misses you. The wyvern zombie bites you.
You hit the wyvern zombie.
Your scale mail prevents you from hitting the scorpion.
You block the wyvern zombie's attack. The scorpion barely misses you.
The wyvern zombie bites you. You block the scorpion's attack.
You hit the wyvern zombie but do no damage.
You hit the scorpion.
The scorpion is lightly wounded.
The wyvern zombie bites you. You block the scorpion's attack.
You block the wyvern zombie's attack.
You hit the wyvern zombie but do no damage.
Your shield and scale mail prevent you from hitting the scorpion.
The scorpion is lightly wounded.
You block the scorpion's attack. You block the wyvern zombie's attack.
The scorpion stings you. The wyvern zombie bites you!
* * * LOW HITPOINT WARNING * * *
The wyvern zombie barely misses you. The wyvern zombie bites you!
You die...

##..#.#....
..>....... #
#..#......
#[###.........
.#.#..$.....#.#
...............
.###.#..####..#
..###..Zs......#
.......@.####..#
#####.##.#
#.##)#
####...(####.?#
....$..(......#
........#####.#
......$.#
........#
.......(.


You could see a scorpion and a wyvern zombie.

Vanquished Creatures
  2 adders (D:2)
  2 worms (D:2)
  An orc (D:3)
  2 ball pythons
  6 bats
  4 hobgoblins
  9 jackals
  3 giant newts
  9 goblins
  6 kobolds
  8 rats
52 creatures vanquished.

Notes
Turn   | Place    | Note
--------------------------------------------------------------
     0 | Abyss:1  | Gargoyl the Demonspawn Abyssal Knight began the quest for the Orb.
     0 | Abyss:1  | Reached XP level 1. HP: 18/18 MP: 2/2
    45 | Abyss:1  | Noticed a chaos spawn
    62 | Abyss:1  | Noticed a large abomination
    63 | D:1      | Escaped the Abyss
   335 | D:1      | Gained mutation: You regenerate a little health from kills. [demonic ancestry]
   335 | D:1      | Reached XP level 2. HP: 9/24 MP: 4/4
   375 | D:1      | Reached * piety under Lugonu
   523 | D:1      | Reached skill level 1 in Dodging
   859 | D:2      | Reached XP level 3. HP: 21/29 MP: 5/5
   939 | D:2      | Reached ** piety under Lugonu
  1276 | D:2      | Reached XP level 4. HP: 26/35 MP: 6/6
  1405 | D:3      | Slain by a wyvern zombie

Action                   |  1- 3 |  4- 6 || total
-------------------------+-------+-------++-------
Melee: Hand axe          |   121 |    28 ||   149
Invok: Depart the Abyss  |     1 |       ||     1
  Use: Potion            |     1 |       ||     1
 Stab: Sleeping          |     2 |       ||     2
  Eat: Chunk             |     1 |     1 ||     2
